 Dungeon Sprint DCSS version 0.29-a0-802-g34511f41fd (webtiles) character file.

Game seed: 17691593799768465370

9270 mhtbhm the Ninja (level 11, -3/49 HPs)
             Began as a Spriggan Enchanter on July 3, 2022.
             Was the Champion of Dithmenos.
             Slain by a ghost moth (12 damage)
             ... in the Dungeon (Sprint IV: "Fedhas' Mad Dash").
             The game lasted 00:04:34 (1082 turns).

mhtbhm the Ninja (Spriggan Enchanter)               Turns: 1082, Time: 00:04:35

Health: -3/49      AC:  2    Str:  3 (4)  XL:     11   Next: 20%
Magic:  14/25      EV: 22    Int: 16      God:    Dithmenos [******]
Gold:   236        SH:  0    Dex: 20 (21) Spells: 8/28 levels left

rFire   . . .      SeeInvis +   a - +1 dagger
rCold   . . .      Faith    .   (no shield)
rNeg    . . .      Spirit   .   b - +0 robe
rPois   .          Reflect  .   (helmet restricted)
rElec   .          Harm     .   (no cloak)
rCorr   .          Rampage  .   (gloves unavailable)
Will    +....      NoTele   +   (boots unavailable) Stlth *******+++
                                k - amulet of invisibility {+Inv}
HPRegen 0.16/turn               (no ring)
MPRegen 0.19/turn               (no ring)

@: confusing by touch, wreathed by umbra, very quick
A: very small, no large weapons, unfitting armour, see invisible, speed 3
a: Renounce Religion, Evoke Invisibility, Shadow Step, Shadow Form


You were in the Dungeon.
You worshipped Dithmenos.
Dithmenos was exalted by your worship.
You visited 1 branch You collected 236 gold pieces.

Inventory:

Hand Weapons
 a - a +1 dagger (weapon)
Armour
 b - a +0 robe (worn)
Jewellery
 k - the amulet of invisibility (around neck) {+Inv}
   (You found it in the Dungeon)

   [amulet of nothing]

   +Inv:      It lets you turn invisible.
 m - an amulet of magic regeneration
Scrolls
 i - a scroll of blinking
 j - a scroll of identify {unknown}
 l - a scroll of summoning {unknown}
 n - a scroll of vulnerability {unknown}
Potions
 c - a potion of invisibility
 d - a potion of curing
 e - a potion of heal wounds
 g - a potion of magic
 h - a potion of berserk rage
 o - a potion of resistance {unknown}
Miscellaneous
 p - a tin of tremorstones (2/2)


   Skills:
 + Level 1.4 Fighting
 + Level 8.9 Short Blades
 + Level 6.6 Dodging
 O Level 27 Stealth
 + Level 9.2 Spellcasting
 + Level 11.8 Hexes
 * Level 12.2 Invocations
 + Level 10.4 Evocations


You had 8 spell levels left.
You knew the following spells:

 Your Spells              Type           Power      Damage    Failure   Level
a - Tukima's Dance        Hex            45%        N/A       1%          3
b - Ensorcelled Hibernat  Hex/Ice        52%        N/A       1%          2
c - Confusing Touch       Hex            45%        N/A       1%          3
d - Dazzling Flash        Conj/Hex       52%        N/A       2%          3
e - Agony                 Necr           7%         N/A       95%         5
f - Anguish               Hex/Necr       13%        N/A       9%          4

Your spell library contained the following spells:

 Spells                   Type           Power      Damage    Failure   Level
 Silence                  Hex/Air        13%        N/A       24%         5
 Spider Form              Tmut/Pois      7%         N/A       30%         3


Dungeon Overview and Level Annotations

Branches:
Dungeon (1/1)

Altars:
Cheibriados
Dithmenos
Elyvilon
Gozag
Hepliaklqana
Kikubaaqudgha
Makhleb
Nemelex Xobeh
Okawaru
Qazlal
Ru
Sif Muna
Trog
Uskayaw
Vehumet
Wu Jian
Xom
Yredelemnul
Zin
The Shining One
Jiyva
Lugonu

Shops:
D ??[*([??:?(


Innate Abilities, Weirdness & Mutations

You are very small and have problems with some larger weapons.
You are too small for most types of armour.
You have supernaturally acute eyesight. (SInv)
You cover ground extremely quickly. (Speed+++)


Message History

Casting: Confusing Touch (safe; 1% risk of failure)
Confirm with . or Enter, or press ? or * to list all spells.
Casting: Dazzling Flash (dangerous; 2% risk of failure)
Press: ? - help, Dir - look around, f - activate Look: a ghost moth (slightly transparent, chance to confuse on hit: 9%, umbra, chance to dazzle: 34%) Unknown command.
The ghost moth stares at you.
You feel your power leaking away.
You see here a demonic crawler corpse.
The ghost moth stares at you. The ghost moth stares at you.
You feel your power leaking away.
Casting: Dazzling Flash (dangerous; 2% risk of failure)
Confirm with . or Enter, or press ? or * to list all spells.
You don't have enough magic to cast this spell.
Casting: Dazzling Flash (dangerous; 2% risk of failure)
Confirm with . or Enter, or press ? or * to list all spells.
You don't have enough magic to cast this spell.
Magic courses through your body.
Casting: Dazzling Flash (dangerous; 2% risk of failure)
Confirm with . or Enter, or press ? or * to list all spells.
Casting: Dazzling Flash (dangerous; 2% risk of failure)
Press: ? - help, Dir - look around, f - activate The ghost moth hits you!
You emit a cloud of dark smoke.
You feel clumsy.
The ghost moth completely misses you. x2
Unknown command.
Unknown command.
Casting: Dazzling Flash (dangerous; 2% risk of failure)
Confirm with . or Enter, or press ? or * to list all spells.
Casting: Dazzling Flash (dangerous; 2% risk of failure)
Press: ? - help, Dir - look around, f - activate The ghost moth is dazzled.
Unknown command.
The ghost moth hits you!
* * * LOW HITPOINT WARNING * * *
You emit a cloud of dark smoke.
You feel weakened. The ghost moth misses you. The ghost moth stings you!
You die...

#._._._._._.⌠.#################..
###################....)[###....)
#♣♣♣♣♣..♣.###.'..'.....()'.'..)♣.
......♣..♣##..#..#.P.....########
♣..♣♣♣.♣).###.##'##.P....#
.♣♣.[♣...♣'...#♣.♣########
###############.....#### ......#
###§§♣§.♣....###
....P.#####§§§♣y@§)..♣...♣###
...)P...†.§§§§§♣§)...∩.∩...)#
....P...#####################
#########


You could see a ghost moth (invisible, blind).

Vanquished Creatures
  Agnes (D)
  A spriggan defender (D)
  A spriggan berserker (D)
  A spriggan druid (D)
  6 oklob plants (D)
  2 demonic crawlers (D)
  3 wandering mushrooms (D)
  A queen bee (D)
  3 burning bushes (D)
  2 hornets (D)
  7 spriggans (D)
  3 scorpions (D)
  4 killer bees (D)
  5 oklob saplings (D)
  A river rat (D)
  A rat (D)
  A ballistomycete spore (D)
43 creatures vanquished.

Notes
Turn   | Place    | Note
-------+----------+-------------------------------------------
     0 | D        | mhtbhm the Spriggan Enchanter began the quest for the Orb.
     0 | D        | Reached XP level 1. HP: 9/9 MP: 5/5
    13 | D        | Reached skill level 5 in Stealth
    13 | D        | Reached XP level 2. HP: 13/13 MP: 7/7
    18 | D        | Reached skill level 5 in Hexes
    19 | D        | Noticed an oklob sapling
    21 | D        | Killed an oklob sapling
    22 | D        | Reached skill level 7 in Stealth
    22 | D        | Reached XP level 3. HP: 16/16 MP: 9/9
    23 | D        | Noticed a scorpion
    23 | D        | Found the amulet of invisibility {+Inv}
    25 | D        | Killed a scorpion
    26 | D        | Reached skill level 9 in Stealth
    26 | D        | Reached XP level 4. HP: 21/21 MP: 9/11
    33 | D        | Reached skill level 5 in Spellcasting
    37 | D        | Found an opulent altar of Gozag.
    37 | D        | Found a hazy altar of Hepliaklqana.
    37 | D        | Found a snail-covered altar of Cheibriados.
    38 | D        | Found a viscous altar of Jiyva.
    38 | D        | Found a burning altar of Makhleb.
    38 | D        | Found a sparkling altar of Nemelex Xobeh.
    38 | D        | Found a sacrificial altar of Ru.
    38 | D        | Found a shimmering blue altar of Sif Muna.
    38 | D        | Found a bloodstained altar of Trog.
    38 | D        | Found an ornate altar of the Wu Jian Council.
    38 | D        | Found a shimmering altar of Xom.
    38 | D        | Found a basalt altar of Yredelemnul.
    39 | D        | Found an iron altar of Okawaru.
    39 | D        | Found a shadowy altar of Dithmenos.
    39 | D        | Found a glowing silver altar of Zin.
    40 | D        | Found an ancient bone altar of Kikubaaqudgha.
    40 | D        | Found a hide-covered altar of Uskayaw.
    41 | D        | Found a stormy altar of Qazlal.
    41 | D        | Found a white marble altar of Elyvilon.
    41 | D        | Found a glowing golden altar of the Shining One.
    42 | D        | Found a corrupted altar of Lugonu.
    42 | D        | Found a radiant altar of Vehumet.
    46 | D        | Reached skill level 11 in Stealth
    46 | D        | Reached XP level 5. HP: 24/24 MP: 11/14
    48 | D        | Became a worshipper of Dithmenos the Shadowed
    60 | D        | Reached skill level 5 in Dodging
    60 | D        | Reached skill level 1 in Invocations
   184 | D        | Noticed a queen bee
   191 | D        | Killed a queen bee
   192 | D        | Reached skill level 13 in Stealth
   192 | D        | Reached skill level 10 in Hexes
   192 | D        | Reached skill level 1 in Evocations
   192 | D        | Reached XP level 6. HP: 28/28 MP: 12/16
   192 | D        | Reached * piety under Dithmenos
   193 | D        | Reached skill level 14 in Stealth
   196 | D        | Reached XP level 7. HP: 32/32 MP: 13/18
   196 | D        | Reached ** piety under Dithmenos
   198 | D        | Noticed an oklob plant
   201 | D        | Killed an oklob plant
   202 | D        | Reached skill level 16 in Stealth
   202 | D        | Reached skill level 5 in Invocations
   208 | D        | Learned a level 3 spell: Tukima's Dance
   211 | D        | Learned a level 2 spell: Ensorcelled Hibernation
   215 | D        | Learned a level 3 spell: Confusing Touch
   219 | D        | Learned a level 3 spell: Dazzling Flash
   233 | D        | Noticed a burning bush
   246 | D        | Killed a burning bush
   247 | D        | Reached skill level 17 in Stealth
   247 | D        | Reached XP level 8. HP: 30/36 MP: 16/20
   398 | D        | Noticed a burning bush
   398 | D        | Noticed an oklob plant
   399 | D        | Noticed a wandering mushroom
   400 | D        | Killed a burning bush
   401 | D        | Reached skill level 18 in Stealth
   405 | D        | Killed an oklob plant
   405 | D        | Reached *** piety under Dithmenos
   406 | D        | Reached skill level 19 in Stealth
   409 | D        | Killed a wandering mushroom
   410 | D        | Reached skill level 20 in Stealth
   410 | D        | Reached XP level 9. HP: 39/39 MP: 19/22
   420 | D        | Noticed a spriggan druid
   421 | D        | Killed a spriggan druid
   422 | D        | Reached skill level 5 in Short Blades
   422 | D        | Reached skill level 21 in Stealth
   422 | D        | Reached skill level 5 in Evocations
   463 | D        | Noticed an oklob plant conjurer
   464 | D        | Killed an oklob plant conjurer
   464 | D        | Reached **** piety under Dithmenos
   465 | D        | Reached skill level 22 in Stealth
   540 | D        | Learned a level 5 spell: Agony
   543 | D        | Noticed an oklob plant
   543 | D        | Noticed an oklob plant summoner
   544 | D        | Noticed an oklob plant shifter
   548 | D        | Killed an oklob plant
   550 | D        | Killed an oklob plant summoner
   551 | D        | Reached skill level 23 in Stealth
   553 | D        | Killed an oklob plant shifter
   555 | D        | Noticed a demonic crawler
   557 | D        | Killed a demonic crawler
   558 | D        | Reached XP level 10. HP: 44/44 MP: 23/23
   559 | D        | Noticed a spriggan rider
   560 | D        | Found Emis's Weapon Shoppe.
   560 | D        | Found Urilaotu's Magic Scroll Emporium.
   563 | D        | Reached ***** piety under Dithmenos
   564 | D        | Reached skill level 24 in Stealth
   565 | D        | Killed a spriggan rider
   566 | D        | Reached skill level 25 in Stealth
   566 | D        | Reached skill level 10 in Invocations
   593 | D        | Learned a level 4 spell: Anguish
   679 | D        | Found Goanluy's Weapon Shop.
   679 | D        | Found Ceuwomel's General Store.
   718 | D        | Reached ****** piety under Dithmenos
   723 | D        | Found Onuqup's Book Emporium.
   723 | D        | Found Kafozofi's Magic Scroll Shoppe.
   822 | D        | Noticed Agnes
   823 | D        | Found Roenuzxy's Armour Emporium.
   823 | D        | Found Yppiocs's Magic Scroll Shoppe.
   824 | D        | Killed Agnes
   825 | D        | Reached skill level 26 in Stealth
   948 | D        | Noticed a spriggan berserker
   950 | D        | Killed a spriggan berserker
   951 | D        | Reached skill level 27 in Stealth
   958 | D        | Noticed a spriggan defender
   967 | D        | Killed a spriggan defender
   968 | D        | Reached skill level 1 in Fighting
   968 | D        | Reached XP level 11. HP: 36/49 MP: 21/25
  1012 | D        | Noticed a spriggan rider
  1014 | D        | Killed a spriggan rider
  1015 | D        | Reached skill level 10 in Evocations
  1019 | D        | Noticed a ghost moth
  1020 | D        | Found Wilupack's Antique Armour Emporium.
  1020 | D        | Found Vaunown's Magic Scroll Boutique.
  1020 | D        | Found Aggid's Magic Scroll Shoppe.
  1082 | D        | Slain by a ghost moth

Illustrated notes

Levels and vault maps discovered:
D:        dungeon_sprint_fedhas [sprint_temple]

Skill      XL: |  1  2  3  4  5  6  7  8  9 10 11 |
---------------+----------------------------------+-----
Dodging        | 3 4 5 6 |  6.6
Stealth        | 5 7 9 11 13 14 17 20 23 27 | 27.0
Spellcasting   | 3 4 5 6 7 8 9 |  9.2
Hexes          | 4 6 7 8 10 11 | 11.8
Short Blades   | 2 3 4 5 8 |  8.9
Invocations    | 3 4 6 7 9 11 12 | 12.2
Evocations     | 1 2 3 4 6 9 10 | 10.4
Fighting       | 1 |  1.4

Action                   |  1- 3 |  4- 6 |  7- 9 | 10-12 || total
-------------------------+-------+-------+-------+-------++-------
Melee: Dagger            |     9 |     9 |    23 |    15 ||    56
       Punch             |       |       |     1 |       ||     1
 Cast: Confusing Touch   |       |       |     1 |     2 ||     3
       Dazzling Flash    |       |       |       |     5 ||     5
Invok: Shadow Step       |       |       |       |     5 ||     5
 Abil: Evoke Invisibilit |       |     1 |     2 |     2 ||     5
Evoke: Tin of tremorston |       |       |       |     2 ||     2
  Use: Potion            |     1 |       |       |     2 ||     3
 Stab: Invisible         |     1 |     1 |       |     1 ||     3
       Sleeping          |     3 |     6 |    13 |    14 ||    36
       Confused          |       |       |     2 |       ||     2
Dodge: Dodged            |     5 |       |       |     6 ||    11

Table legend: (Time is in decaauts)
 A = Elapsed time spent in this place.
 B = Non-inter-level travel time spent in this place.
 C = Inter-level travel time spent in this place.
 D = Time resting spent in this place.
 E = Time spent auto-exploring this place.
 F = Levels seen in this place.
 G = Mean time per level.
                   A        B        C        D        E       F      G
               +--------+--------+--------+--------+--------+-----+--------+
         Total |    861 |    812 |     49 |    436 |      0 |   1 |  861.0 |
       Dungeon |    861 |    812 |     49 |    436 |      0 |   1 |  861.0 |
               +--------+--------+--------+--------+--------+-----+--------+

Top non-repeatable levels by time:
       D: 861 daAuts
